cohdb
Replays
Latest Replays
All Replays
Popular Replays
Top Player Replays
Match Explorer
How It Works
Community
CoH3 Stats
Reddit
Sign in to upload your games and track your stats! →
Sign in with Steam
Match 38654168
Unlisted
Match 38654168
Overview
Messages
Build Orders
End
Selects Airborne Battlegroup
Selects Heavy Machine Gun Paradrop
Heavy Machine Gun Paradrop
Construct Weapon Support Center
Engineer Squad
Heavy Machine Gun Paradrop
Selects Paratrooper Squad Paradrop
Paratrooper Squad Paradrop
Paratrooper Squad Paradrop
Infantry Support Center
Survival Training
Advanced Logistics
Paratrooper Squad Paradrop
Improved M9 Bazooka Rockets
Selects Smoke Bombing Run
Selects Paradrop Reinforcements
Smoke Bombing Run
Paratrooper Squad Paradrop
Munitions Surplus
DJBuckCallYo
梦
josequepasa
티베트 혁명가 압둘라
KoalaImpala
Tanith's Finest
baydounkhalil1
Dexter
0
0
Comments
sign in to comment!
No comments posted yet!